 Dungeon Crawl Stone Soup version 0.31-a0-4-gefa6de2 (webtiles) character file.

Game seed: 16485551503762740039

567 Ayyar the Carver (level 7, -3/76 HPs)
             Began as a Gnoll Wanderer on May 3, 2023.
             Was an Initiate of Hepliaklqana.
             Slain by a wyvern zombie (6 damage)
             ... on level 5 of the Dungeon.
             The game lasted 00:12:29 (4110 turns).

Ayyar the Carver (Gnoll Wanderer)                   Turns: 4110, Time: 00:12:30

Health: -3/76      AC: 23    Str: 12    XL:     7   Next: 33%
Magic:  12/12      EV:  2    Int:  9    God:    Hepliaklqana [......]
Gold:   169        SH:  0    Dex: 15    Spells: 13/13 levels left

rFire   . . .        e - +5 spear
rCold   . . .        (no shield)
rNeg    . . .        c - melded +0 scale mail
rPois   +            o - melded +0 helmet
rElec   .            s - melded +0 cloak
rCorr   .            (gloves currently unavailable)
SInv    .            (boots currently unavailable)
Will    .....        (no amulet)
Stlth   ++           (no ring)
HPRegen 0.32/turn    (no ring)
MPRegen 0.13/turn

%: no passive effects
@: tree-form
A: stationary, stasis, torment immunity, boosted hp, (fangs 1), strong nose,
distributed training
a: Renounce Religion


You were on level 5 of the Dungeon.
You worshipped Hepliaklqana.
Hepliaklqana was noncommittal.
You were a tree.
You visited 2 branches of the dungeon, and saw 6 of its levels.

You collected 169 gold pieces.

Inventory:

Hand Weapons
 a - a +2 falchion
 b - a +0 sling
 e - a +5 spear (weapon)
Armour
 c - a +0 scale mail (melded)
 j - a +0 tower shield
 o - a +0 helmet (melded)
 s - a +0 cloak (melded)
Wands
 p - a wand of digging (2)
 r - a wand of flame (34)
Scrolls
 d - 3 scrolls of fear
 f - a scroll of poison {unknown}
 g - 5 scrolls of vulnerability {unknown}
 k - 2 scrolls of amnesia {unknown}
 l - 3 scrolls of identify {unknown}
 q - 2 scrolls of teleportation {unknown}
 t - a scroll of noise {unknown}
 v - 2 scrolls of fog {unknown}
Potions
 h - 3 potions of curing
 i - 2 potions of heal wounds {unknown}
 m - a potion of might {unknown}
 n - a potion of haste {unknown}
 u - a potion of lignification


   Skills:
 + Level 2.5 Fighting
 + Level 2.5 Short Blades
 + Level 8.9 Long Blades
 + Level 2.5 Axes
 + Level 2.5 Maces & Flails
 + Level 2.5 Polearms
 + Level 2.5 Staves
 + Level 3.6 Ranged Weapons
 + Level 2.5 Throwing
 + Level 5.2 Armour
 + Level 2.5 Dodging
 + Level 2.5 Stealth
 + Level 2.5 Shields
 + Level 2.5 Unarmed Combat
 + Level 3.8 Spellcasting
 + Level 2.0 Conjurations
 + Level 2.0 Hexes
 + Level 2.0 Summonings
 + Level 2.0 Necromancy
 + Level 2.0 Translocations
 + Level 2.0 Transmutations
 + Level 2.0 Fire Magic
 + Level 2.0 Ice Magic
 + Level 2.0 Air Magic
 + Level 2.0 Earth Magic
 + Level 2.0 Poison Magic
 + Level 2.8 Invocations
 + Level 5.2 Evocations


You had 13 spell levels left.
You didn't know any spells.
Your spell library contained the following spells:

 Spells                   Type           Power      Damage    Failure   Level
 Sublimation of Blood     Necr           5%         N/A       19%         2
 Wereblood                Tmut           5%         N/A       19%         2
 Tukima's Dance           Hex            5%         N/A       34%         3
 Animate Armour           Summ/Erth      10%        N/A       75%         4
 Passage of Golubria      Tloc           5%         N/A       75%         4
 Blade Hands              Tmut           2%         N/A       97%         5
 Yara's Violent Unravell  Hex/Tmut       2%         3d3       97%         5
 Iron Shot                Conj/Erth      2%         9d2       100%        6
 Simulacrum               Ice/Necr       2%         N/A       100%        6
 Ozocubu's Refrigeration  Ice            2%         4d8       100%        7
 Summon Hydra             Summ           2%         N/A       100%        7
 Polar Vortex             Ice            2%         N/A       100%        9


Dungeon Overview and Level Annotations

Branches:
Dungeon (5/15)             Temple (1/1) D:4

Altars:
Cheibriados
Dithmenos
Elyvilon
Fedhas
Hepliaklqana
Makhleb
Nemelex Xobeh
Ru
Sif Muna
Trog
Uskayaw
Vehumet
Wu Jian
The Shining One

Annotations:
D:2 Sigmund


Innate Abilities, Weirdness & Mutations

You are a tree.
Your roots penetrate the ground, keeping you stationary.
You cannot be teleported.
You are immune to unholy pain and torment.
Your maximum health is greatly increased.
Your equipment is partially melded.
((You have very sharp teeth.))
Your uncanny sense of smell can sniff out nearby items.
Your experience applies equally to all skills.


Message History

You hit the water moccasin zombie.
Your bite misses the water moccasin zombie.
The water moccasin zombie is almost destroyed.
The water moccasin zombie bites you but does no damage.
You hit the water moccasin zombie.
You destroy the water moccasin zombie!
You barely miss the wyvern zombie.
The wyvern zombie bites you but does no damage.
The wyvern zombie bites you!
You hit the wyvern zombie. Your bite misses the wyvern zombie.
The wyvern zombie is lightly damaged.
The wyvern zombie bites you!
* * * LOW HITPOINT WARNING * * *
You puncture the wyvern zombie! Your bite misses the wyvern zombie.
The wyvern zombie is moderately damaged.
The wyvern zombie bites you.
* * * LOW HITPOINT WARNING * * *
You hit the wyvern zombie.
The wyvern zombie is moderately damaged.
The wyvern zombie bites you.
* * * LOW HITPOINT WARNING * * *
The wyvern zombie bites you but does no damage.
It was a potion of lignification.
You turn into a tree.
Your +0 cloak melds into your body.
Your +0 helmet melds into your body.
Your +0 scale mail melds into your body.
Your roots penetrate the ground.
The wyvern zombie bites you but does no damage.
You puncture the wyvern zombie! You punch the wyvern zombie.
The wyvern zombie is severely damaged.
The wyvern zombie bites you but does no damage.
You barely miss the wyvern zombie.
The wyvern zombie is severely damaged.
The wyvern zombie bites you but does no damage.
You completely miss the wyvern zombie.
The wyvern zombie is severely damaged.
The wyvern zombie bites you but does no damage. x2
You hit the wyvern zombie but do no damage.
The wyvern zombie is severely damaged.
The wyvern zombie bites you.
You die...

#......# #......#####
# #.......... ..
#......... ...
###+#........ ....
.........[.. .....
...........###+......
...........♣Z.....8..#
#...........#.........
#...........#.........
+...........#.....##..
#...........#......# .
#...........#......#
............#......+
............#...####∆
............#


You could see a wyvern zombie.

Vanquished Creatures
  A centaur (D:5)
  A phantom (D:5)
  A water moccasin zombie (D:5)
  A hound (D:4)
  Crazy Yiuf (D:3)
  An iguana (D:4)
  A sleepcap (D:5)
  Natasha (thrice) (D:3)
  2 orc wizards
  3 gnolls (D:4)
  An adder (D:4)
  A white imp (D:5)
  2 dart slugs
  6 orcs
  6 ball pythons
  4 endoplasms
  5 giant cockroaches
  9 goblins
  5 hobgoblins
  10 kobolds
  2 quokkas
  5 bats (D:1)
  A frilled lizard (D:3)
  5 rats
77 creatures vanquished.

Vanquished Creatures (others)
  A fungus (D:3)
1 creature vanquished.

Grand Total: 78 creatures vanquished

Notes
Turn   | Place    | Note
-------+----------+-------------------------------------------
     0 | D:1      | Ayyar the Gnoll Wanderer began the quest for the Orb.
     0 | D:1      | Ayyar set off with the following items: a +2 falchion, a +0
                  | sling, a +0 scale mail, a scroll of fear.
     0 | D:1      | Reached XP level 1. HP: 13/13 MP: 4/4
    73 | D:1      | Reached XP level 2. HP: 19/19 MP: 5/5
   190 | D:1      | Reached XP level 3. HP: 13/25 MP: 7/7
   322 | D:1      | Found a sparkling altar of Nemelex Xobeh.
   519 | D:1      | Reached skill level 1 in Invocations
   819 | D:2      | Noticed Sigmund
   829 | D:2      | Found a bloodstained altar of Trog.
   974 | D:3      | Found a burning altar of Makhleb.
   974 | D:3      | Noticed a balrug
   993 | D:3      | Reached skill level 1 in Fighting
   993 | D:3      | Reached skill level 1 in Short Blades
   993 | D:3      | Reached skill level 1 in Axes
   993 | D:3      | Reached skill level 1 in Maces & Flails
   993 | D:3      | Reached skill level 1 in Polearms
   993 | D:3      | Reached skill level 1 in Staves
   993 | D:3      | Reached skill level 1 in Throwing
   993 | D:3      | Reached skill level 1 in Dodging
   993 | D:3      | Reached skill level 1 in Stealth
   993 | D:3      | Reached skill level 1 in Shields
   993 | D:3      | Reached skill level 1 in Unarmed Combat
  1104 | D:3      | Found a runed translucent door.
  1105 | D:3      | Noticed Crazy Yiuf
  1354 | D:3      | Found a shimmering blue altar of Sif Muna.
  1378 | D:3      | Reached XP level 4. HP: 17/32 MP: 8/8
  1481 | D:3      | Reached skill level 1 in Conjurations
  1481 | D:3      | Reached skill level 1 in Hexes
  1481 | D:3      | Reached skill level 1 in Summonings
  1481 | D:3      | Reached skill level 1 in Necromancy
  1481 | D:3      | Reached skill level 1 in Translocations
  1481 | D:3      | Reached skill level 1 in Transmutations
  1481 | D:3      | Reached skill level 1 in Fire Magic
  1481 | D:3      | Reached skill level 1 in Ice Magic
  1481 | D:3      | Reached skill level 1 in Air Magic
  1481 | D:3      | Reached skill level 1 in Earth Magic
  1481 | D:3      | Reached skill level 1 in Poison Magic
  1592 | D:3      | Noticed Natasha
  1601 | D:3      | Killed Natasha
  1676 | D:3      | Noticed Natasha
  1685 | D:3      | Killed Natasha
  1686 | D:3      | Reached XP level 5. HP: 22/37 MP: 9/9
  1945 | D:3      | Noticed Natasha
  1955 | D:3      | Killed Natasha
  2031 | D:3      | Killed Crazy Yiuf
  2692 | D:4      | Reached XP level 6. HP: 34/44 MP: 11/11
  2719 | D:4      | Reached skill level 5 in Armour
  2719 | D:4      | Reached skill level 5 in Evocations
  3018 | D:4      | Found a staircase to the Ecumenical Temple.
  3046 | Temple   | Entered the Ecumenical Temple
  3283 | Temple   | Became a worshipper of Hepliaklqana the Forgotten
  3736 | D:5      | Entered Level 5 of the Dungeon
  3942 | D:5      | Reached XP level 7. HP: 31/51 MP: 12/12
  4105 | D:5      | HP: 1/51 [wyvern zombie (6)]
  4110 | D:5      | Slain by a wyvern zombie

Illustrated notes

Levels and vault maps discovered:
D:1:      dpeg_arrival_lava_altar, layout_basic
D:2:      layout_basic, basic_altar, uniq_robin, uniq_sigmund
D:3:      layout_loops_corners, makhleb_altar_promises_db,
          kennysheep_orc_sif_temple, amcnicky_mini_pool_small,
          minmay_misc_feat_chi, wad_floor_pattern_1, kennysheep_generic_room_3,
          uniq_crazy_yiuf_cottage, uniq_natasha
D:4:      layout_gridville, minmay_temple_entry_glassed_door,
          ebering_dispersal_statue_hall
D:5:      layout_gridville, serial_undead, serial_undead_a, serial_undead_f,
          serial_undead_b, serial_undead_d, serial_undead_f, serial_undead_d,
          uniq_eustachio
Temple:   minmay_temple_curvy_loop

Skill      XL: |  1  2  3  4  5  6  7 |
---------------+----------------------+-----
Invocations    | 1 2 |  2.8
Fighting       | 1 2 |  2.5
Short Blades   | 1 2 |  2.5
Axes           | 1 2 |  2.5
Maces & Flails | 1 2 |  2.5
Polearms       | 1 2 |  2.5
Staves         | 1 2 |  2.5
Throwing       | 1 2 |  2.5
Dodging        | 1 2 |  2.5
Stealth        | 1 2 |  2.5
Shields        | 1 2 |  2.5
Unarmed Combat | 1 2 |  2.5
Spellcasting   | 3 |  3.8
Conjurations   | 1 2 |  2.0
Hexes          | 1 2 |  2.0
Summonings     | 1 2 |  2.0
Necromancy     | 1 2 |  2.0
Translocations | 1 2 |  2.0
Transmutations | 1 2 |  2.0
Fire Magic     | 1 2 |  2.0
Ice Magic      | 1 2 |  2.0
Air Magic      | 1 2 |  2.0
Earth Magic    | 1 2 |  2.0
Poison Magic   | 1 2 |  2.0
Ranged Weapons | 3 |  3.6
Armour         | 5 |  5.2
Evocations     | 5 |  5.2
Long Blades    | |  8.9

Action                     |  1- 3 |  4- 6 |  7- 9 || total
---------------------------+-------+-------+-------++-------
  Melee: Spear             |    95 |   143 |    32 ||   270
         Bite              |     9 |    14 |     6 ||    29
         Punch             |     1 |     5 |     1 ||     7
    Use: Potion            |       |       |     2 ||     2
 Armour: Scale mail        |    37 |    63 |    14 ||   114
         Skin              |       |       |     5 ||     5
  Dodge: Dodged            |    26 |    63 |     8 ||    97

Table legend: (Time is in decaauts)
 A = Elapsed time spent in this place.
 B = Non-inter-level travel time spent in this place.
 C = Inter-level travel time spent in this place.
 D = Time resting spent in this place.
 E = Time spent auto-exploring this place.
 F = Levels seen in this place.
 G = Mean time per level.
                   A        B        C        D        E       F      G
               +--------+--------+--------+--------+--------+-----+--------+
         Total |   4121 |   4014 |    107 |    732 |   2487 |   6 |  686.8 |
       Dungeon |   3854 |   3791 |     63 |    732 |   2297 |   5 |  770.8 |
        Temple |    266 |    222 |     44 |      0 |    190 |   1 |  266.0 |
               +--------+--------+--------+--------+--------+-----+--------+

Top non-repeatable levels by time:
     D:3: 1426 daAuts
     D:4: 1213 daAuts
     D:1: 616 daAuts
     D:5: 373 daAuts
  Temple: 266 daAuts
     D:2: 225 daAuts
